 Dungeon Crawl Stone Soup version 0.29.1-13-g9f3cf754e1 (webtiles) character file.

Game seed: 8990572015828446892

1124 GigaChad the Slasher (level 8, -2/69 HPs)
             Began as a Minotaur Fighter on Jan 26, 2023.
             Shot with an arrow by a centaur (4 damage)
             ... on level 4 of the Dungeon.
             The game lasted 00:06:31 (3363 turns).

GigaChad the Slasher (Minotaur Fighter)             Turns: 3363, Time: 00:06:32

Health: -2/69      AC: 16    Str: 24    XL:     8   Next: 13%
Magic:  16/16      EV:  8    Int:  5    God:
Gold:   122        SH:  5    Dex:  7    Spells: 7/7 levels left

rFire   . . .      SeeInvis .   l - +7 Throatcutter {drain, coup de grace}
rCold   . . .      Faith    .   c - +1 buckler
rNeg    + . .      Spirit   .   i - +6 chain mail of the Cartwright {rN+ rCorr MP+9 Dex-2}
rPois   .          Reflect  .   (helmet restricted)
rElec   .          Harm     .   (no cloak)
rCorr   +          Rampage  .   (no gloves)
Will    .....                   (no boots)
Stlth   ..........              (no amulet)
HPRegen 0.21/turn               (no ring)
MPRegen 0.15/turn               (no ring)

@: no status effects
A: horns 2, retaliatory headbutt
a: no special abilities


You were on level 4 of the Dungeon.
You visited 1 branch of the dungeon, and saw 5 of its levels.

You collected 122 gold pieces.

Inventory:

Hand Weapons
 a - a +0 war axe
 f - a +0 scythe of flaming
 l - the +7 Throatcutter (weapon) {drain, coup de grace}
   (You found it on level 2 of the Dungeon)

   A truly terrible weapon, it drains the life of any living foe it strikes.
   It may instantly kill foes which have little health.
Armour
 b - a +0 scale mail
 c - a +1 buckler (worn)
 i - the +6 chain mail of the Cartwright (worn) {rN+ rCorr MP+9 Dex-2}
   (You found it on level 2 of the Dungeon)

   Dex:       It affects your dexterity (-2).
   rN:        It protects you from negative energy.
   MP:        It affects your magic capacity (+9).
   rCorr:     It protects you from acid and corrosion.
Wands
 n - a wand of light (6)
 o - a wand of flame (18)
Scrolls
 e - 2 scrolls of teleportation
 k - 3 scrolls of identify
 m - 2 scrolls of poison
 q - a scroll of summoning {unknown}
 r - a scroll of enchant armour
Potions
 d - 4 potions of might
 g - a potion of magic {unknown}
 h - 3 potions of curing {unknown}
 j - 2 potions of degeneration {unknown}
 p - 2 potions of mutation {unknown}
 s - a potion of heal wounds {unknown}
 t - 2 potions of invisibility {unknown}


   Skills:
 + Level 5.5 Fighting
 * Level 7.9 Long Blades
 - Level 2.9 Axes
 + Level 6.6 Armour
 + Level 5.4 Shields


You had 7 spell levels left.
You didn't know any spells.
Your spell library contained the following spells:

 Spells                   Type           Power      Damage    Failure   Level
 Necrotise                Necr           0%         1d4       99%         1
 Vampiric Draining        Necr           0%         2d6       100%        3
 Agony                    Necr           0%         N/A       100%        5
 Summon Forest            Summ/Tloc      0%         N/A       100%        5
 Eringya's Noxious Bog    Tmut/Pois      0%         N/A       100%        6
 Summon Hydra             Summ           0%         N/A       100%        7


Dungeon Overview and Level Annotations

Branches:
Dungeon (5/15)
 Temple: D:4-7

Altars:
Xom


Innate Abilities, Weirdness & Mutations

You have a pair of horns on your head.
You reflexively headbutt those who attack you in melee.


Message History

The killer bee is almost dead.
The killer bee stings you but does no damage.
The adder bites you but does no damage. The killer bee barely misses you.
You block the adder's attack.
You slash the killer bee!
You kill the killer bee!
The adder bites you but does no damage.
You hit the orc.
You behead the orc!
You kill the orc!
The adder bites you but does no damage. The adder closely misses you.
The kobold hits you but does no damage. The adder closely misses you.
Items here: )) [ ††.
The adder attacks as you move away! The adder barely misses you.
You block the adder's attack.
There is a stone staircase leading down here.
The adder bites you but does no damage.
You climb downwards.
The ogre shouts!
The orc wizard shouts!
The orc priest shouts!
The orc wizard shouts!
The orc shouts!
Found 4 gold pieces and a glowing great mace.
There is a stone staircase leading up here.
You block the adder's attack. x2
You climb upwards.
The centaur shoots an arrow.
The arrow hits you.
* * * LOW HITPOINT WARNING * * *
The kobold hits you but does no damage.
The centaur shoots an arrow.
The arrow hits you.
* * * LOW HITPOINT WARNING * * *
There is a stone staircase leading down, spattered with blood here.
You barely miss the adder. Your headbutt misses the adder.
The adder is almost dead.
The centaur shoots an arrow.
You block the arrow. The kobold hits you but does no damage.
The adder barely misses you.
The centaur shoots an arrow.
The arrow hits you.
* * * LOW HITPOINT WARNING * * *
You hit the adder.
You kill the adder!
The kobold hits you but does no damage.
The centaur shoots an arrow.
The arrow hits you.
You die...

##### #
############...###### .
......†@....)#......# #
#######K##.c#.....#.# ##
#. ..##.##.##....:..# .#
#. #.##....#.......## .#
#.##.#....##........# .#
#....#..#.##.........#
.#
#.........###:.....#.#
.#
####...#....####...##..#
.#######......#.....#
##### .#


You could see a centaur and a kobold.

Vanquished Creatures
  Grinder (D:3)
  Sigmund (D:3)
  An orc warrior (D:4)
  3 ogres
  A phantom (D:4)
  A killer bee (D:4)
  An orc priest (D:3)
  Ijyb (D:3)
  Jessica (D:3)
  2 iguanas (D:4)
  8 adders
  4 dart slugs
  7 orcs
  7 ball pythons
  6 bats
  4 endoplasms
  5 giant cockroaches
  15 goblins
  10 hobgoblins
  3 jackals
  4 kobolds
  3 quokkas
  2 frilled lizards
  8 rats
99 creatures vanquished.

Notes
Turn   | Place    | Note
-------+----------+-------------------------------------------
     0 | D:1      | GigaChad the Minotaur Fighter began the quest for the Orb.
     0 | D:1      | Reached XP level 1. HP: 19/19 MP: 0/0
   165 | D:1      | Reached XP level 2. HP: 27/27 MP: 1/1
   762 | D:2      | Identified the +6 chain mail of the Cartwright {rN+ rCorr
                  | MP+9 Dex-2}
   873 | D:2      | Reached XP level 3. HP: 33/33 MP: 2/2
   972 | D:2      | Found the +7 Throatcutter {drain, coup de grace}
  1366 | D:3      | Noticed Grinder
  1369 | D:3      | Reached skill level 1 in Long Blades
  1374 | D:3      | Paralysed by Grinder for 2 turns
  1376 | D:3      | Killed Grinder
  1377 | D:3      | Reached skill level 2 in Long Blades
  1377 | D:3      | Reached skill level 5 in Armour
  1377 | D:3      | Reached XP level 4. HP: 30/41 MP: 3/3
  1377 | D:3      | Reached XP level 5. HP: 35/47 MP: 4/4
  1377 | D:3      | Reached XP level 6. HP: 39/53 MP: 5/5
  1397 | D:3      | Reached skill level 3 in Long Blades
  1467 | D:3      | Noticed Jessica
  1474 | D:3      | Killed Jessica
  1475 | D:3      | Reached skill level 5 in Shields
  1484 | D:3      | Found a shimmering altar of Xom.
  1581 | D:3      | Reached skill level 4 in Long Blades
  2040 | D:3      | Noticed Sigmund
  2054 | D:3      | Killed Sigmund
  2055 | D:3      | Reached skill level 5 in Fighting
  2055 | D:3      | Reached skill level 5 in Long Blades
  2055 | D:3      | Reached XP level 7. HP: 51/61 MP: 6/6
  2338 | D:3      | Noticed Ijyb
  2343 | D:3      | Killed Ijyb
  2847 | D:4      | Reached skill level 6 in Long Blades
  3025 | D:4      | Reached skill level 7 in Long Blades
  3343 | D:4      | Reached XP level 8. HP: 15/69 MP: 7/7
  3359 | D:5      | Entered Level 5 of the Dungeon
  3362 | D:4      | HP: 2/69 [centaur/arrow (3)]
  3363 | D:4      | Shot with an arrow by a centaur

Illustrated notes

Levels and vault maps discovered:
D:1:      dpeg_arrival_renting, layout_loops_ring
D:2:      layout_rooms
D:3:      minmay_chambers_of_threes, layout_basic, xom_confusion_cloud,
          serial_co_window_serial, co_window_paths_a, co_window_corner_a,
          co_window_paths_a, co_window_of_opportunity_a, co_window_paths_a,
          co_window_paths_b, co_window_unsneaky_path_d, co_window_corner_b,
          co_window_unsneaky_path_d, co_window_corner_b, co_window_corner_ca,
          glass_columns_a, glass_columns_a, glass_columns_a, glass_columns_a,
          uniq_jessica, uniq_ijyb, uniq_grinder, uniq_sigmund
D:4:      layout_basic, minmay_manual_moon
D:5:      layout_rooms, tgw_kikubaaqudgha, minmay_temple_entry_drinking_statues,
          uniq_prince_ribbit1, uniq_crazy_yiuf_cottage

Skill      XL: |  1  2  3  4  5  6  7 |
---------------+----------------------+-----
Armour         | 4 5 6 |  6.6
Fighting       | 4 5 |  5.5
Shields        | 4 5 |  5.4
Long Blades    | 2 5 7 |  7.9
Axes           | |  2.9

Action                   |  1- 3 |  4- 6 |  7- 9 || total
-------------------------+-------+-------+-------++-------
Melee: War axe           |    50 |       |       ||    50
       Headbutt          |    10 |     1 |     6 ||    17
       Long sword        |    18 |    23 |    84 ||   125
Evoke: Wand              |       |       |     1 ||     1
  Use: Scroll            |     4 |     2 |       ||     6
Armor: Scale mail        |    17 |       |       ||    17
       Chain mail        |    27 |    49 |    77 ||   153
Dodge: Dodged            |    23 |    18 |    37 ||    78
Block: Buckler           |    15 |    10 |    34 ||    59
